 Dungeon Crawl Stone Soup version 0.20-a0-507-gc86f373 (webtiles) character file.

723 Duffy the Shield-Bearer (level 8, 0/58 HPs)
             Began as a Formicid Fighter on Jan 21, 2017.
             Slain by an ogre
             ... wielding a +0 giant spiked club
              (1 damage)
             ... on level 4 of the Dungeon.
             The game lasted 00:05:06 (5597 turns).

Duffy the Shield-Bearer (Formicid Fighter)          Turns: 5597, Time: 00:05:07

Health: 0/58       AC: 15    Str: 23    XL:     8   Next: 2%
Magic:  0/8        EV:  6    Int:  8    God:
Gold:   188        SH: 11    Dex: 10    Spells: 7/7 levels left

rFire    . . .     SeeInvis +   a - +0 war axe
rCold    . . .     Gourm    .   r - +0 plate armour
rNeg     . . .     Faith    .   c - +0 shield
rPois    .         Spirit   +   (helmet unavailable)
rElec    .         Reflect  .   I - +2 cloak
rCorr    .         Harm     .   (no gloves)
MR       .....                  (no boots)
Stlth    ..........             H - amulet of guardian spirit
Regen    0.2/turn               (no ring)
                                (no ring)

@: no status effects
A: permanent stasis, dig shafts and tunnels, four strong arms, antennae 3
a: Dig, Shaft Self


You were on level 4 of the Dungeon.
You were near starving.

You visited 1 branch of the dungeon, and saw 5 of its levels.
You also visited: Sewer.

You collected 188 gold pieces.

Inventory:

Hand Weapons
 a - a +0 war axe (weapon)
 q - a +2 flail of protection
 C - a +0 flail of venom
Armour
 c - a +0 shield (worn)
 r - a +0 plate armour (worn)
 v - a +0 cloak
 I - a +2 cloak (worn)
Jewellery
 w - an uncursed ring of ice
 y - an uncursed ring of magical power
 G - an uncursed amulet of the gourmand
 H - an amulet of guardian spirit (around neck)
Wands
 i - a wand of digging (15/24)
 E - a wand of disintegration (7/24)
Scrolls
 e - a scroll of noise {unknown}
 g - a scroll of random uselessness {unknown}
 h - 4 scrolls of remove curse {unknown}
 j - a scroll of fog {unknown}
 k - 6 scrolls of identify {unknown}
 l - 2 scrolls of recharging {unknown}
 n - 2 scrolls of magic mapping {unknown}
 s - 6 scrolls of teleportation {unknown}
 u - 2 scrolls of blinking {unknown}
 A - 2 scrolls of enchant armour {unknown}
 J - a scroll of enchant weapon {unknown}
Potions
 b - a potion of mutation {unknown}
 d - 4 potions of might
 m - a potion of degeneration {unknown}
 o - a potion of lignification {unknown}
 p - 3 potions of curing {unknown}
 t - a potion of flight {unknown}
 x - 2 potions of brilliance {unknown}
 z - a potion of heal wounds {unknown}
 D - a potion of berserk rage {unknown}
Comestibles
 f - 4 bread rations
 B - 2 fruits
 F - a royal jelly


   Skills:
 - Level 3.2 Fighting
 + Level 6.0 Axes
 + Level 4.1 Armour
 + Level 7.5 Shields


You had 7 spell levels left.
You didn't know any spells.

Dungeon Overview and Level Annotations

Branches:
Dungeon (5/15)
 Temple: D:4-7

Altars:
Ashenzari
Hepliaklqana
Kikubaaqudgha

Shops:
D:5 *

Annotations:
D:3 Eustachio, Purgy


Innate Abilities, Weirdness & Mutations

You cannot be hasted, slowed, berserked, paralysed or teleported.
You can dig through walls and to a lower floor.
Your four strong arms can wield two-handed weapons with a shield.
You have a pair of large antennae on your head. (SInv)


Message History

You are too injured to fight recklessly!
You are too injured to fight recklessly!
You are too injured to fight recklessly!
You are too injured to fight recklessly!
You are too injured to fight recklessly!
You are too injured to fight recklessly!
You are too injured to fight recklessly!
You are too injured to fight recklessly!
You are too injured to fight recklessly!
You are too injured to fight recklessly!
You hit the ogre.
The ogre is lightly wounded.
You hit the hound but do no damage. The hound bites you but does no damage.
The ogre hits you with a giant spiked club!!
You slash the ogre!
The ogre is severely wounded.
You closely miss the hound. The hound bites you but does no damage.
The hound bites you.
The ogre hits you with a giant spiked club.
You die...

#.......# #..
#.......###
#..
#.........#
###..
####....).#
#....
#......#
#...<
#......#
#....
#......######
#....
#...........#
#....
#####...@...#
#####
#...hO..#
#.......#
#.......#
#.......#
#.......#
#########


You could see an ogre and a hound.

Vanquished Creatures
  An ice beast (D:5)
  A phantom (D:4)
  Blork the orc (D:5)
  A hound (D:4)
  A bullfrog skeleton (D:5)
  An orc priest (D:4)
  2 orc wizards
  Ijyb (D:4)
  3 worker ants
  8 adders
  A shadow imp (D:5)
  2 oozes
  2 worms
  A dart slug (D:1)
  3 leopard geckos
  11 orcs
  3 bat zombies (D:4)
  8 giant cockroaches
  12 goblins
  11 hobgoblins
  19 jackals
  8 kobolds
  A quokka (D:5)
  A ball python (D:5)
  A ball python zombie (D:5)
  11 bats
  3 frilled lizards
  A jackal skeleton (D:5)
  A leopard gecko skeleton (D:4)
  2 quokka skeletons
  A quokka zombie (D:5)
  6 rats
  A rat zombie (D:4)
130 creatures vanquished.

Notes
Turn   | Place    | Note
-------+----------+-------------------------------------------
     0 | D:1      | Duffy the Formicid Fighter began the quest for the Orb.
     0 | D:1      | Reached XP level 1. HP: 18/18 MP: 1/1
   128 | D:1      | Reached XP level 2. HP: 9/24 MP: 2/2
   326 | D:1      | Reached skill level 4 in Shields
   445 | D:1      | Reached XP level 3. HP: 14/29 MP: 3/3
  1343 | D:1      | Reached XP level 4. HP: 35/35 MP: 4/4
  1996 | D:2      | Reached skill level 5 in Shields
  2220 | D:2      | Found a hazy altar of Hepliaklqana.
  2293 | D:2      | Reached XP level 5. HP: 41/41 MP: 5/5
  2758 | D:3      | Found a glowing drain.
  2790 | Sewer    | Entered a sewer
  2843 | Sewer    | Noticed Purgy
  2903 | D:3      | You fall through a shaft!
  2909 | D:4      | Reached XP level 6. HP: 34/47 MP: 6/6
  2999 | D:4      | Noticed Ijyb
  2999 | D:4      | Noticed a phantom
  3017 | D:4      | Killed Ijyb
  3084 | D:4      | Killed a phantom
  3084 | D:4      | Reached skill level 6 in Shields
  3313 | D:5      | Entered Level 5 of the Dungeon
  3313 | D:5      | Noticed an ice beast
  3325 | D:5      | Killed an ice beast
  3325 | D:5      | Reached skill level 5 in Axes
  3325 | D:5      | Reached XP level 7. HP: 30/52 MP: 7/7
  3463 | D:5      | Noticed Blork the orc
  3472 | D:5      | Killed Blork the orc
  3472 | D:5      | Reached skill level 7 in Shields
  3835 | D:5      | Found Fubb's Serpentskin Sales.
  4457 | D:4      | Found a shattered altar of Ashenzari.
  4715 | D:4      | Noticed Eustachio
  4892 | D:3      | You fall through a shaft for 2 floors!
  5398 | D:4      | Found an ancient bone altar of Kikubaaqudgha.
  5465 | D:4      | Reached XP level 8. HP: 35/58 MP: 4/8
  5596 | D:4      | HP: 2/58 [ogre/giant spiked club (22)]
  5597 | D:4      | Slain by an ogre

Vault maps used:
D:1:      noname_arrival_rooms_in_the_neighbourhood
D:2:      lemuel_crystal_altar, first_bread
D:3:      portal_sewer_entry_f, hangedman_feature_mirror,
          kennysheep_generic_room_7
D:4:      kennysheep_goblin_castle, nicolae_ashenzari_panopticon,
          lemuel_zombie_altar_kikubaaqudgha, uniq_eustachio, uniq_grinder
D:5:      guppyfry_shop_venom, uniq_blork_the_orc
Sewer:    sewer_big_baddie

Skill      XL: |  1  2  3  4  5  6  7 |
---------------+----------------------+-----
Shields        | 4 5 6 7 |  7.5
Axes           | 3 4 5 6 |  6.0
Armour         | 4 |  4.1
Fighting       | |  3.2

Action                   |  1- 3 |  4- 6 |  7- 9 || total
-------------------------+-------+-------+-------++-------
Melee: War axe           |   155 |   201 |   158 ||   514
 Abil: Dig               |       |     7 |     3 ||    10
       Shaft Self        |       |     1 |     1 ||     2
  Eat: Chunk             |     2 |     8 |     6 ||    16
Armor: Scale mail        |    80 |     8 |       ||    88
       Plate armour      |       |   145 |    96 ||   241
Dodge: Dodged            |    49 |    49 |    33 ||   131
Block: Shield            |    90 |   141 |   126 ||   357
